 Dungeon Crawl Stone Soup version 0.18.1-6-gd335043 (webtiles) character file.

28244 Chiseanne the Unseen (level 13, 0/57 HPs)
             Began as a Spriggan Hunter on May 19, 2016.
             Was an Initiate of Gozag.
             Slain by a black mamba (14 damage)
             ... on level 2 of the Lair of Beasts.
             The game lasted 01:11:48 (18942 turns).

Chiseanne the Unseen (Spriggan Hunter)             Turns: 18942, Time: 01:11:49

Health: 0/57       AC: 15    Str: 10    XL:     13   Next: 8%
Magic:  14/14      EV: 37    Int: 18    God:    Gozag
Gold:   833        SH:  0    Dex: 24    Spells: 0 memorised, 12 levels left

rFire  . . .     SeeInvis +     a - +2 short sword (venom)
rCold  . . .     Gourm    .     U - +4 robe of Augmentation {Str+4 Int+4 Dex+4}
rNeg   + + +     Faith    .     (shield restricted)
rPois  .         Spirit   .     (helmet restricted)
rElec  +         Dismiss  .     t - +2 cloak {MR+}
rCorr  .         Reflect  .     (gloves unavailable)
SustAt .         Harm     .     (boots unavailable)
MR     +++..                    P - amulet of Dim Light {+Rage rElec rN++ Str-2 SInv}
Stlth  +++++++++.               B - ring of positive energy
                                e - +6 ring of protection

@: lethally poisoned (0 -> -5), very quick, extremely resistant to hostile
enchantments, incredibly stealthy
A: unfitting armour, see invisible, herbivore 3, speed 3, slow metabolism 2
a: Potion Petition, Call Merchant, Bribe Branch, Renounce Religion, Evoke
Berserk Rage


You were on level 2 of the Lair of Beasts.
You worshipped Gozag.
Gozag was noncommittal.
You were not hungry.

You visited 4 branches of the dungeon, and saw 19 of its levels.
You also visited: Labyrinth.

You collected 3816 gold pieces.
You spent 784 gold pieces at shops.
You paid 2199 gold pieces to Gozag.

Inventory:

Hand Weapons
 a - a +2 short sword of venom (weapon)
 h - a +0 hunting sling
 s - a +4 quarterstaff of chaos
 w - a +6 hand crossbow
 J - the cursed +0 arbalest of Bread {penet, rPois rC+++ Str-5 Int+3}
   (You found it on level 15 of the Dungeon)

   Ammo fired by it will pass through the targets it hits, potentially hitting
   all targets in its path until it reaches maximum range.
   It affects your strength (-5).
   It affects your intelligence (+3).
   It renders you almost immune to cold.
   It protects you from poison.
   It has a curse placed upon it.
Missiles
 k - 408 stones (quivered)
 n - 152 arrows
 r - 58 sling bullets
 C - 6 needles of confusion
 G - 43 poisoned needles
 K - 10 bolts
Armour
 g - an ice dragon hide
 t - a +2 cloak of magic resistance (worn)
 u - a +2 robe of magic resistance
 x - a +2 robe of cold resistance
 U - the +4 robe of Augmentation (worn) {Str+4 Int+4 Dex+4}
   (You found it in a labyrinth)

   It affects your strength (+4).
   It affects your intelligence (+4).
   It affects your dexterity (+4).
Rods
 y - a +8 lightning rod (13/13)
   (You took it off a minotaur in a labyrinth)
Jewellery
 e - a +6 ring of protection (left hand)
 B - a ring of positive energy (right hand)
 P - the amulet of Dim Light (around neck) {+Rage rElec rN++ Str-2 SInv}
   (You found it in a labyrinth)

   [amulet of rage]

   It affects your strength (-2).
   It insulates you from electricity.
   It greatly protects you from negative energy.
   It lets you see invisible.
   It lets you go berserk.
Wands
 i - a wand of disintegration (10/24)
 H - a wand of disintegration (13/24)
 N - a wand of lightning (1/15)
 O - a wand of lightning (5/15)
Scrolls
 o - 3 scrolls of recharging
 q - 9 scrolls of remove curse
 z - 4 scrolls of blinking
 D - a scroll of teleportation
 L - a scroll of identify
 M - a scroll of fear
Potions
 b - 3 potions of might
 c - 4 potions of magic
 d - a potion of cure mutation
 j - a potion of berserk rage
 l - 2 potions of ambrosia
 m - a potion of heal wounds
 v - 6 potions of curing
 A - a potion of flight
 E - a potion of agility
 F - 4 potions of lignification
Miscellaneous
 Q - a lamp of fire (inert)
 R - a fan of gales
Comestibles
 f - 13 bread rations
 p - 11 fruits
 I - 5 royal jellies
 S - a slice of pizza


   Skills:
 - Level 1.5 Fighting
 - Level 13.1 Crossbows
 * Level 17.4 Dodging
 * Level 18.4 Stealth


You had 12 spell levels left.
You didn't know any spells.

Dungeon Overview and Level Annotations

Branches:
Dungeon (15/15)            Temple (1/1) D:7            Lair (2/8) D:8
    Orc (1/2) D:11         Depths (0/5) D:15
 Vaults: D:13-14

Altars:
Ashenzari
Cheibriados
Dithmenos
Elyvilon
Fedhas
Gozag
Kikubaaqudgha
Makhleb
Pakellas
Qazlal
Ru
Sif Muna
Vehumet
Xom
Yredelemnul
The Shining One

Shops:
D:8 :   D:9 (   D:10 [   D:12 *   D:15 !   Temple =

Annotations:
Lair:1 Pavgran's ghost, journeyman DrTm


Innate Abilities, Weirdness & Mutations

You are tiny and cannot use many weapons and most armour.
You have supernaturally acute eyesight.
You are a herbivore.
You cover ground extremely quickly.
You need consume almost no food.


Message History

You feel sick.
You feel sick.
You feel sick.
You hit the black mamba.
The black mamba is severely wounded.
You feel sick.
The black mamba completely misses you. x2
You feel sick.
You feel sick.
You feel sick. The black mamba closely misses you.
Things that are here:
a meat ration; a scroll of noise You feel sick.
You feel sick.
You feel sick.
You hit the black mamba but do no damage.
The black mamba looks even sicker.
The black mamba is severely wounded.
You feel sick. The black mamba bites you!
You die...
Your body crumbles into a pile of gold.

♣#...# ##.......# .♣
♣...## #......## P♣
♣...# #..P#.### P♣♣
♣♣..# #######
###P###♣.P###
♣♣#♣#8#P#8#♣..#.######
#..........♣......##.#
.....................##
#.........r....S@...#.#
=.........%..#.P#....##
#........).♣...##...##
P♣#♣#8#♣#8#....#.....#
. ### ###.........#####
♣ ♣..............#
♣.............##
♣.....P#....#..#
♣♣............##


You could see a black mamba and a porcupine.

Vanquished Creatures
  A minotaur (Lab)
  A hydra (Lair:2)
  The ghost of Vojta the Shield-Bearer, a novice DDFi of Makhleb (D:8)
  A deep troll (shapeshifter) (D:15)
  The ghost of Rationalist the Blocker, a novice FoFi (D:7)
  A skeletal warrior (D:13)
  2 unseen horrors (D:11)
  A giant orange brain (D:15)
  4 hill giants
  3 ugly things (D:11)
  4 cyclopes (D:12)
  A manticore (D:12)
  A black mamba (Lair:1)
  A komodo dragon (shapeshifter) (D:15)
  A rime drake (shapeshifter) (D:15)
  5 spiny frogs (Lair:2)
  2 kobold demonologists
  2 komodo dragons
  6 trolls
  A jumping spider (shapeshifter) (D:15)
  A slime creature (D:15)
  4 hippogriffs
  8 yaks
  Eustachio (D:4)
  A hungry ghost (D:8)
  2 basilisks
  Grum (D:10)
  3 vampire mosquitoes (D:11)
  A warg (Orc:1)
  A soldier ant (D:14)
  4 water moccasins
  2 hell hounds (D:8)
  3 porcupines
  5 ice beasts
  17 orc warriors
  A sky beast (D:9)
  9 ogres
  2 black bears
  4 phantoms
  A wasp (D:3)
  A necrophage (D:6)
  2 wolves (D:10)
  A centaur (D:11)
  4 crocodiles
  2 big kobolds (D:11)
  6 giant frogs
  3 gnoll sergeants (D:11)
  4 earth elementals (D:12)
  2 scorpions
  7 killer bees
  7 wights
  8 howler monkeys
  5 crimson imps
  A giant frog zombie (D:11)
  2 centaur zombies
  5 jellies
  A quasit (D:6)
  2 centaur skeletons
  Crazy Yiuf (D:3)
  4 orc priests
  A giant frog skeleton (D:11)
  6 hounds
  16 orc wizards
  4 iguanas
  10 worker ants
  9 sheep
  A hound zombie (D:7)
  11 gnolls
  5 hound skeletons
  A howler monkey zombie (D:6)
  18 adders
  6 river rats (Lair:2)
  A shadow imp (D:13)
  8 oozes
  An adder skeleton (D:7)
  2 worms (D:2)
  9 giant geckos
  45 orcs
  7 giant cockroaches
  6 goblins
  9 hobgoblins
  13 jackals
  7 quokkas
  2 ball pythons
  9 bats
  16 giant newts
  A jackal skeleton (D:3)
  A jackal zombie (D:6)
  7 kobolds
  4 quokka skeletons
  10 rats
425 creatures vanquished.

Vanquished Creatures (collateral kills)
  A guardian serpent (shapeshifter) (D:15)
  2 slime creatures (D:15)
  A yak (Lair:2)
  2 killer bees (D:11)
  A fungus (Lair:2)
7 creatures vanquished.

Vanquished Creatures (others)
  A howler monkey (D:4)
  A fungus (Lair:2)
  3 plants
5 creatures vanquished.

Grand Total: 437 creatures vanquished

Notes
Turn   | Place    | Note
--------------------------------------------------------------
     0 | D:1      | Chiseanne the Spriggan Hunter began the quest for the Orb.
     0 | D:1      | Reached XP level 1. HP: 10/10 MP: 2/2
   104 | D:1      | Reached XP level 2. HP: 13/14 MP: 3/3
   574 | D:1      | Reached skill level 5 in Crossbows
   574 | D:1      | Reached XP level 3. HP: 18/18 MP: 4/4
  1035 | D:2      | Reached XP level 4. HP: 19/22 MP: 5/5
  1752 | D:3      | Reached skill level 2 in Stealth
  2223 | D:3      | Noticed Crazy Yiuf
  2257 | D:3      | Killed Crazy Yiuf
  2257 | D:3      | Reached skill level 3 in Stealth
  2257 | D:3      | Reached XP level 5. HP: 25/25 MP: 6/6
  2510 | D:3      | Noticed a wasp
  2523 | D:3      | Killed a wasp
  2523 | D:3      | Reached skill level 4 in Stealth
  2523 | D:3      | Reached XP level 6. HP: 25/30 MP: 7/7
  2731 | D:4      | Reached skill level 5 in Dodging
  2733 | D:4      | Found an opulent altar of Gozag.
  2760 | D:4      | Became a worshipper of Gozag Ym Sagoz the Greedy
  2852 | D:4      | Found a glowing golden altar of the Shining One.
  2931 | D:4      | Found an ancient bone altar of Kikubaaqudgha.
  2932 | D:4      | Noticed Eustachio
  2968 | D:4      | Killed Eustachio
  2968 | D:4      | Reached skill level 5 in Stealth
  3416 | D:4      | Noticed Jessica
  3424 | D:4      | Noticed Jessica
  3424 | D:4      | Jessica changed into Jessica the gnoll
  3426 | D:4      | Killed Jessica the gnoll
  3434 | D:4      | Found a deep blue altar of Sif Muna.
  3495 | D:4      | Found a deep blue altar of Sif Muna.
  3495 | D:4      | Found a shattered altar of Ashenzari.
  3589 | D:5      | Entered Level 5 of the Dungeon
  3619 | D:5      | Reached XP level 7. HP: 33/33 MP: 8/8
  3856 | D:5      | Reached skill level 6 in Stealth
  4205 | D:5      | Reached skill level 7 in Stealth
  4778 | D:5      | Reached XP level 8. HP: 37/37 MP: 9/9
  5040 | D:6      | Reached skill level 8 in Stealth
  5275 | D:6      | Found a basalt altar of Yredelemnul.
  5279 | D:6      | Found a shadowy altar of Dithmenos.
  5284 | D:6      | Found a shimmering altar of Xom.
  5497 | D:6      | Found a sacrificial altar of Ru.
  5544 | D:6      | Reached skill level 9 in Stealth
  6028 | D:6      | Found an oddly glowing altar of Pakellas.
  6028 | D:6      | Found a stormy altar of Qazlal.
  6586 | D:7      | Reached XP level 9. HP: 41/41 MP: 10/10
  6631 | D:7      | Found a staircase to the Ecumenical Temple.
  6632 | D:7      | Noticed Rationalist's ghost (novice FoFi)
  6655 | D:7      | Reached skill level 10 in Stealth
  6966 | Temple   | Entered the Ecumenical Temple
  6987 | D:7      | Reached skill level 10 in Dodging
  7221 | D:7      | Killed Rationalist's ghost
  7221 | D:7      | Reached skill level 11 in Stealth
  7676 | D:8      | Found Roemuu's Book Shoppe.
  7825 | D:8      | Reached skill level 12 in Stealth
  7969 | D:8      | Reached XP level 10. HP: 43/46 MP: 11/11
  8030 | D:8      | Found a burning altar of Makhleb.
  8049 | D:8      | Noticed Vojta's ghost (novice DDFi)
  8107 | D:8      | Killed Vojta's ghost
  8107 | D:8      | Reached skill level 10 in Crossbows
  8334 | D:8      | Found a staircase to the Lair.
  8626 | D:9      | Found a radiant altar of Vehumet.
  8658 | D:9      | Reached skill level 13 in Stealth
  9350 | D:9      | Found a white marble altar of Elyvilon.
  9428 | D:9      | Found Bioqul's Weapon Shop.
 10079 | D:10     | Entered Level 10 of the Dungeon
 10192 | D:10     | Noticed Grum
 10357 | D:10     | Killed Grum
 10621 | D:10     | Reached skill level 14 in Stealth
 10825 | D:10     | Noticed a hill giant
 10845 | D:10     | Killed a hill giant
 10845 | D:10     | Reached XP level 11. HP: 49/49 MP: 12/12
 11064 | D:10     | Bought a glowing robe for 18 gold pieces
 11168 | D:11     | Noticed a purple ugly thing
 11263 | D:11     | Noticed a hill giant
 11457 | D:11     | Killed a hill giant
 11549 | D:11     | Noticed a cyan ugly thing
 11555 | D:11     | Killed a cyan ugly thing
 11731 | D:11     | Noticed an unseen horror
 11746 | D:11     | Killed an unseen horror
 11905 | D:11     | Noticed an unseen horror
 11917 | D:11     | Killed an unseen horror
 11982 | D:11     | Killed a purple ugly thing
 11982 | D:11     | Reached skill level 15 in Stealth
 12017 | D:11     | Noticed a brown ugly thing
 12058 | D:11     | Killed a brown ugly thing
 12117 | D:11     | Found a staircase to the Orcish Mines.
 13218 | Orc:1    | Entered Level 1 of the Orcish Mines
 13272 | Orc:1    | Noticed an orc warlord
 13838 | D:11     | Noticed a hill giant
 13891 | D:11     | Killed a hill giant
 13891 | D:11     | Reached skill level 15 in Dodging
 13919 | D:12     | Reached skill level 16 in Stealth
 14133 | D:12     | Noticed a green ugly thing
 14282 | D:12     | Reached XP level 12. HP: 53/53 MP: 13/13
 14326 | D:12     | Bought a scroll of recharging for 152 gold pieces
 14326 | D:12     | Bought a potion of might for 64 gold pieces
 14326 | D:12     | Bought a scroll of summoning for 152 gold pieces
 14326 | D:12     | Bought a scroll of teleportation for 48 gold pieces
 14551 | D:12     | Noticed a catoblepas
 15336 | D:13     | You fall through a shaft for 2 floors!
 15336 | D:15     | Entered Level 15 of the Dungeon
 15336 | D:15     | Found a staircase to the Depths.
 15671 | D:15     | Noticed a centaur warrior
 15753 | D:15     | Found Gawn's Distillery.
 15757 | D:15     | Bought a potion of invisibility for 112 gold pieces
 15757 | D:15     | Bought a potion of berserk rage for 70 gold pieces
 15757 | D:15     | Bought a potion of heal wounds for 70 gold pieces
 15757 | D:15     | Bought a potion of agility for 56 gold pieces
 15757 | D:15     | Bought a potion of curing for 42 gold pieces
 15845 | D:15     | Got a dazzling arbalest
 15881 | D:15     | Noticed a tengu warrior
 15901 | D:14     | Identified the cursed +0 arbalest of Bread {penet, rPois rC+++ Str-5 Int+3} (You found it on level 15 of the Dungeon)
 16113 | D:13     | Noticed a vampire knight
 16216 | D:13     | Reached skill level 17 in Stealth
 16650 | Lair:1   | Entered Level 1 of the Lair of Beasts
 16816 | Lair:1   | Noticed a four-headed hydra
 16846 | Lair:1   | Found a blossoming altar of Fedhas.
 16860 | Lair:1   | Found a labyrinth entrance.
 16865 | Lab      | Entered a labyrinth
 17084 | Lab      | Noticed a minotaur
 17094 | Lab      | Killed a minotaur
 17106 | Lab      | Got a flickering bronze amulet
 17107 | Lab      | Got a faintly humming robe
 17108 | Lab      | Identified the +1 robe "Mekaaru" {Int+5} (You found it in a labyrinth)
 17110 | Lab      | Identified the amulet of Dim Light {+Rage rElec rN++ Str-2 SInv} (You found it in a labyrinth)
 17171 | Lair:1   | Found a dark tunnel.
 17202 | Lair:1   | Noticed Pavgran's ghost (journeyman DrTm)
 18103 | Lair:2   | Noticed an eight-headed hydra
 18110 | Lair:2   | Killed an eight-headed hydra
 18110 | Lair:2   | Reached skill level 18 in Stealth
 18389 | Lair:2   | Reached XP level 13. HP: 57/57 MP: 14/14
 18788 | Lair:2   | Got an ancient jade ring
 18910 | Lair:2   | Identified the ring "Kuenets" {*Tele Stlth+} (You found it on level 2 of the Lair of Beasts)
 18942 | Lair:2   | Slain by a black mamba

Skill      XL: |  1  2  3  4  5  6  7  8  9 10 11 12 |
---------------+-------------------------------------+-----
Crossbows      | 5 6 7 8 9 11 12 13 | 13.1
Stealth        | 3 4 5 7 9 12 14 16 18 | 18.4
Dodging        | 4 6 7 9 11 13 15 17 | 17.4
Fighting       | |  1.5

Action                   |  1- 3 |  4- 6 |  7- 9 | 10-12 | 13-15 || total
-------------------------+-------+-------+-------+-------+-------++-------
Melee: Dagger            |    14 |   148 |   275 |   812 |       ||  1249
       Quarterstaff      |       |       |       |    13 |       ||    13
       Short sword       |       |       |       |     2 |    50 ||    52
 Fire: Hand crossbow     |    88 |    15 |   166 |   343 |    15 ||   627
       Hunting sling     |       |       |       |    16 |       ||    16
Throw: Stone             |       |     1 |     1 |     4 |     2 ||     8
Invok: Call Merchant     |       |       |     1 |     2 |       ||     3
Evoke: Wand              |       |     7 |     4 |    11 |       ||    22
       Lamp of fire      |       |       |       |       |     1 ||     1
  Use: Scroll            |     8 |     4 |     9 |    23 |     1 ||    45
       Potion            |       |       |       |    10 |       ||    10
 Stab: Sleeping          |     2 |    19 |    25 |    45 |     5 ||    96
       Distracted        |       |     1 |     2 |     6 |     1 ||    10
       Confused          |       |       |     2 |     2 |       ||     4
       Invisible         |       |       |       |     4 |       ||     4
  Eat: Fruit             |       |     3 |       |       |       ||     3
       Pizza             |       |     1 |       |     2 |       ||     3
       Royal jelly       |       |       |       |     5 |       ||     5
Armor: Robe              |     6 |    29 |    54 |   109 |     5 ||   203
Dodge: Dodged            |    24 |   141 |   372 |  1084 |    63 ||  1684
